 Dungeon Crawl Stone Soup version 0.24.1-14-gf8d2b509d9 (webtiles) character file.

Game seed: 10095752729858761247, levelgen mode: deterministic

31215 Gabide the Basher (level 13, -5/80 HPs)
             Began as a Kobold Fighter on May 24, 2020.
             Was a Follower of Uskayaw.
             Hit by a javelin thrown by a minotaur (22 damage)
             ... in a Gauntlet.
             The game lasted 01:11:07 (14459 turns).

Gabide the Basher (Kobold Fighter)                 Turns: 14459, Time: 01:11:08

Health: -5/80      AC: 19    Str: 21    XL:     13   Next: 94%
Magic:  16/16      EV: 13    Int:  9    God:    Uskayaw [*.....]
Gold:   616        SH: 12    Dex: 23    Spells: 12/12 levels left

rFire    x . .     SeeInvis .   z - +3 flail (protect)
rCold    + + .     Gourm    .   c - +0 shield
rNeg     + + +     Faith    .   m - +2 chain mail of the Voivode {rC+ rN+}
rPois    +         Spirit   .   g - +1 helmet
rElec    .         Reflect  .   K - +0 cloak "Dinn" {rPois}
rCorr    .         Harm     .   k - +1 pair of gloves of Forking Paths {rF- Str+3 Dex+8}
MR       +....     NoTele   +   C - +0 pair of boots
Stlth    ..........             (no amulet)
HPRegen  0.23/turn              E - ring of poison resistance
MPRegen  0.15/turn              n - ring "Omnawnul" {*Tele rC+ rN++ MR+ Stlth-}

@: no status effects
A: small, carnivore
a: Stomp, Renounce Religion


You were in a Gauntlet.
You worshipped Uskayaw.
Uskayaw was noncommittal.
You were not hungry.

You visited 1 branch of the dungeon, and saw 14 of its levels.
You also visited: Gauntlet.

You collected 721 gold pieces.
You spent 105 gold pieces at shops.

Inventory:

Hand Weapons
 a - a +1 flail
 j - the +5 scythe "Finisher" {speed, eviscerate}
   (You found it on level 8 of the Dungeon)

   Attacks with this weapon are significantly faster.
 p - a +1 short sword of holy wrath
 x - a +1 whip of flaming
 y - a +4 mace of protection
 z - a +3 flail of protection (weapon)
 D - a +0 morningstar
Armour
 c - a +0 shield (worn)
 g - a +1 helmet (worn)
 h - a +2 pair of gloves
 k - the +1 pair of gloves of Forking Paths (worn) {rF- Str+3 Dex+8}
   (You found it in a Gauntlet)

   It affects your strength (+3).
   It affects your dexterity (+8).
   It makes you vulnerable to fire.
 m - the +2 chain mail of the Voivode (worn) {rC+ rN+}
   (You found it on level 6 of the Dungeon)

   It protects you from cold.
   It protects you from negative energy.
 s - a +0 ring mail
 t - a +0 plate armour
 v - the +0 ring mail of the Trombone {rPois rN+ MR+ Stlth+}
   (You found it on level 4 of the Dungeon)

   It protects you from poison.
   It protects you from negative energy.
   It affects your resistance to hostile enchantments.
   It makes you more stealthy.
 C - a +0 pair of boots (worn)
 K - the +0 cloak "Dinn" (worn) {rPois}
   (You found it in a Gauntlet)

   It protects you from poison.
 M - +0 acid dragon scales
Jewellery
 n - the ring "Omnawnul" (right hand) {*Tele rC+ rN++ MR+ Stlth-}
   (You found it in a Gauntlet)

   [ring of teleportation]

   It may teleport you next to monsters.
   It protects you from cold.
   It greatly protects you from negative energy.
   It affects your resistance to hostile enchantments.
   It makes you less stealthy.
 E - a ring of poison resistance (left hand)
 F - an uncursed ring of wizardry
 J - an uncursed ring of magical power
Wands
 u - a wand of paralysis (18)
 w - a wand of acid (1)
 B - a wand of disintegration (14)
 H - a wand of iceblast (1)
Scrolls
 d - 3 scrolls of remove curse
 r - a scroll of blinking
 A - 3 scrolls of teleportation
 G - 2 scrolls of amnesia
Potions
 e - 2 potions of flight
 i - 2 potions of magic
 o - a potion of curing
 q - a potion of brilliance
 L - a potion of mutation
Comestibles
 f - 31 rations


   Skills:
 + Level 9.1 Fighting
 + Level 14.1 Maces & Flails
 + Level 6.8 Armour
 + Level 6.8 Dodging
 + Level 6.9 Stealth
 + Level 7.7 Shields
 * Level 5.0 Invocations
 - Level 2.6 Evocations


You had 12 spell levels left.
You didn't know any spells.
Your spell library contained the following spells:

 Spells                   Type           Power        Failure   Level  Hunger
 Magic Dart               Conj           #...         100%        1    ##.....
 Summon Butterflies       Summ           #.......     100%        1    ##.....
 Blink                    Tloc           N/A          100%        2    ###....
 Call Imp                 Summ           #.......     100%        2    ###....
 Searing Ray              Conj           #.....       100%        2    ###....
 Slow                     Hex            #.......     100%        2    ###....
 Call Canine Familiar     Summ           #.......     100%        3    ####...
 Conjure Flame            Conj/Fire      #.......     100%        3    ####...
 Dazzling Spray           Conj/Hex       #.....       100%        3    ####...
 Mephitic Cloud           Conj/Pois/Air  #.......     100%        3    ####...
 Force Lance              Conj/Tloc      #.......     100%        4    #####..
 Fulminant Prism          Conj/Hex       #.........   100%        4    #####..
 Iskenderun's Mystic Bla  Conj           #.......     100%        4    #####..
 Summon Ice Beast         Ice/Summ       #.......     100%        4    #####..
 Summon Mana Viper        Hex/Summ       #.......     100%        5    ######.
 Summon Hydra             Summ           #.........   100%        7    #######


Dungeon Overview and Level Annotations

Branches:
Dungeon (15/15)            Temple (0/1) D:7            Lair (0/6) D:8
 Depths (0/5) D:15        Gauntlet (1/1)
    Orc: D:9-12      Vaults: D:13-14

Altars:
Uskayaw
Xom
Yredelemnul
The Shining One

Shops:
D:5 %   D:6 ?

Portals:
Trove: D:15 (give 19 potions of curing)

Annotations:
D:4 4 runed translucent doors
D:9 exclusion: oklob plant
D:11 1 transporter, exclusion: obsidian statue Gauntlet 6 transporters, 1 runed translucent door


Innate Abilities, Weirdness & Mutations

You are small and have problems with some larger weapons.
You are carnivorous and can eat meat at any time.


Message History

The minotaur is engulfed in freezing vapours.
The minotaur throws a javelin.
The javelin pierces through you!!
Press: ? - help, v - describe, . - travel
Here: a minotaur, wielding the +11 glaive of Due Proportion {chop, rElec rF+}, wearing +0 shadow dragon scales and wearing the ring "Hiexzo" {*Contam rElec rPois rF+++ SInv} (freezing vapour, lightly wounded)
The floor.
Unknown command.
Aiming: Corrosive Bolt
Press: ? - help, Shift-Dir - straight line, f/p - minotaur
Aim: a minotaur, wielding the +11 glaive of Due Proportion {chop, rElec rF+}, wearing +0 shadow dragon scales and wearing the ring "Hiexzo" {*Contam rElec rPois rF+++ SInv} (freezing vapour, lightly wounded)
The bolt of acid hits the minotaur!
The minotaur is splashed with acid.
The minotaur is heavily wounded.
The minotaur is engulfed in freezing vapours.
The minotaur throws a javelin.
The javelin pierces through you!!
* * * LOW HITPOINT WARNING * * *
Okay, then.
As you read the scroll of fog, it crumbles to dust.
The scroll dissolves into smoke.
The minotaur is engulfed in freezing vapours.
The minotaur throws a javelin.
The javelin pierces through you!!
You die...

.#########.#######
.###...###.≈##...#
.###...###.≈≈#.⌠.##
##..##'.##.≈##....
©#..#©#.©#.###(§§###.##.
.#..'##.##..##.§§H.H....
.###...###...#§§§#.#....
.###...###.∩.#.§§# #.# #
.#########...#§§@# ..#
.....#.....⌠.#§§§###.'
.#########...#§§§#...#
.#..h.h23#.∩.#...#.#.#####
.#....#.:#...#(⌠.#.#.....#
.#...###[#..##..........8#
©#..#©#.©#.###.⌠.###.##.##
##.###...#.≈##..........#
.#..#...%#.≈≈#.⌠.########


You could see a minotaur.

Vanquished Creatures
  An ogre mage (D:15)
  A rakshasa (D:15)
  2 hydras
  A centaur warrior (D:15)
  5 two-headed ogres (D:15)
  A sixfirhy (Gauntlet)
  Pikel (D:4)
  A necromancer (D:15)
  An orc knight (D:15)
  3 deep elf magi (D:15)
  10 ugly things
  2 manticores (D:15)
  2 cyclopes
  A smoke demon (Gauntlet)
  A gargoyle (D:10)
  A naga mage (D:15)
  5 centaur skeletons
  A hellion (Gauntlet)
  An efreet (D:15)
  2 trolls
  A queen bee (D:10)
  2 dream sheep (D:8)
  3 hippogriffs
  A vampire (D:10)
  Sigmund (D:2)
  7 wraiths
  16 yaks
  Eustachio (D:6)
  4 vampire mosquitoes (D:14)
  2 basilisks (D:15)
  A hungry ghost (D:11)
  Menkaure (D:6)
  A soldier ant (D:13)
  An acid dragon (D:15)
  2 hell hounds (Gauntlet)
  A water moccasin (D:10)
  Duvessa (D:6)
  4 ice beasts
  2 orc warriors
  A sky beast (D:9)
  2 phantoms (D:6)
  A necrophage (D:6)
  An eye of draining (D:11)
  4 centaurs
  A wolf (D:11)
  8 ogres
  2 crocodiles
  4 big kobolds
  4 bullfrogs
  Dowan (D:6)
  5 scorpions
  A wyvern skeleton (D:10)
  16 killer bees (D:10)
  15 wights
  2 howler monkeys
  4 centaur zombies
  7 crimson imps
  2 jellies
  A bullfrog skeleton (D:9)
  3 hounds
  4 orc wizards
  6 orc priests
  3 iguanas
  4 worker ants
  A hound zombie (D:5)
  A hound skeleton (D:6)
  11 adders
  2 ufetubi (Gauntlet)
  An ooze (D:3)
  An adder zombie (D:3)
  2 adder skeletons (D:5)
  3 worms
  3 dart slugs
  4 leopard geckos
  27 orcs
  7 giant cockroaches
  12 goblins
  9 hobgoblins
  19 jackals
  6 quokkas
  3 ball pythons
  7 bats
  3 frilled lizards
  A goblin skeleton (D:6)
  A jackal skeleton (D:6)
  3 kobolds
  A leopard gecko skeleton (D:4)
  A quokka zombie (D:6)
  10 rats
  2 rat zombies (D:8)
338 creatures vanquished.

Vanquished Creatures (others)
  A killer bee (D:10)
  A dart slug (D:4)
  A leopard gecko (D:4)
3 creatures vanquished.

Grand Total: 341 creatures vanquished

Notes
Turn   | Place    | Note
-------+----------+-------------------------------------------
     0 | D:1      | Gabide the Kobold Fighter began the quest for the Orb.
     0 | D:1      | Reached XP level 1. HP: 14/14 MP: 1/1
   280 | D:1      | Reached XP level 2. HP: 19/19 MP: 2/2
   645 | D:1      | Reached XP level 3. HP: 23/23 MP: 3/3
   668 | D:1      | Reached skill level 2 in Maces & Flails
  1217 | D:2      | Reached XP level 4. HP: 24/28 MP: 4/4
  1298 | D:2      | Noticed Sigmund
  1326 | D:2      | Killed Sigmund
  1326 | D:2      | Reached skill level 4 in Maces & Flails
  1326 | D:2      | Reached skill level 1 in Dodging
  1326 | D:2      | Reached XP level 5. HP: 12/33 MP: 5/5
  1326 | D:2      | Reached XP level 6. HP: 14/38 MP: 6/6
  3303 | D:4      | Reached XP level 7. HP: 21/42 MP: 7/7
  3639 | D:4      | Reached skill level 5 in Maces & Flails
  3723 | D:4      | Found a large runed translucent door.
  3723 | D:4      | Found a large runed translucent door.
  3724 | D:4      | Found a large runed translucent door.
  3724 | D:4      | Found a large runed translucent door.
  3728 | D:4      | Got a polished ring mail
  3741 | D:4      | Identified the +0 ring mail of the Trombone {rPois rN+ MR+
                  | Stlth+} (You found it on level 4 of the Dungeon)
  3982 | D:4      | Noticed Pikel
  4005 | D:4      | Killed Pikel
  4005 | D:4      | Reached skill level 6 in Maces & Flails
  4005 | D:4      | Reached XP level 8. HP: 12/48 MP: 8/8
  4411 | D:5      | Entered Level 5 of the Dungeon
  4507 | D:5      | Reached skill level 7 in Maces & Flails
  4742 | D:5      | Reached XP level 9. HP: 53/53 MP: 9/9
  4890 | D:5      | Found a hide-covered altar of Uskayaw.
  4894 | D:5      | Became a worshipper of Uskayaw the Reveler
  4910 | D:5      | Reached * piety under Uskayaw
  4963 | D:5      | Reached ** piety under Uskayaw
  5051 | D:5      | Found Jeaf's Food Boutique.
  5214 | D:6      | Noticed Eustachio
  5234 | D:6      | Killed Eustachio
  5282 | D:6      | Reached skill level 5 in Fighting
  5287 | D:6      | Noticed a hippogriff
  5308 | D:6      | Reached *** piety under Uskayaw
  5311 | D:6      | Killed a hippogriff
  5311 | D:6      | Reached skill level 8 in Maces & Flails
  5313 | D:6      | Reached **** piety under Uskayaw
  5322 | D:6      | Noticed Menkaure
  5323 | D:6      | Reached ***** piety under Uskayaw
  5328 | D:6      | Killed Menkaure
  5331 | D:6      | Reached ****** piety under Uskayaw
  5412 | D:6      | Reached skill level 9 in Maces & Flails
  5429 | D:6      | Reached skill level 5 in Dodging
  5471 | D:6      | Got a smoking chain mail
  5482 | D:6      | Identified the +2 chain mail of the Voivode {rC+ rN+} (You
                  | found it on level 6 of the Dungeon)
  5604 | D:6      | Found a runed translucent door.
  5609 | D:6      | Found a basalt altar of Yredelemnul.
  5621 | D:6      | Reached XP level 10. HP: 58/59 MP: 10/10
  5675 | D:6      | Noticed Duvessa
  5676 | D:6      | Noticed Dowan
  5693 | D:6      | Killed Duvessa
  5698 | D:6      | Killed Dowan
  5737 | D:6      | Found Bunoadgh's Magic Scroll Boutique.
  5742 | D:6      | Bought a scroll of enchant weapon for 105 gold pieces
  6398 | D:7      | Reached skill level 1 in Stealth
  6466 | D:7      | Found a staircase to the Ecumenical Temple.
  7020 | D:8      | Reached skill level 10 in Maces & Flails
  7037 | D:8      | Reached skill level 5 in Shields
  7127 | D:8      | Noticed a three-headed hydra
  7141 | D:8      | Killed a three-headed hydra
  7518 | D:8      | Found the +5 scythe "Finisher" {speed, eviscerate}
  7590 | D:8      | Reached XP level 11. HP: 37/65 MP: 3/11
  7802 | D:8      | Found a staircase to the Lair.
  8395 | D:9      | Reached skill level 11 in Maces & Flails
  8447 | D:9      | Reached skill level 5 in Armour
  8518 | D:9      | Found a shimmering altar of Xom.
  8518 | D:9      | Noticed an oklob plant
  8889 | D:10     | Entered Level 10 of the Dungeon
  9382 | D:10     | Reached skill level 1 in Evocations
 10183 | D:11     | Noticed a two-headed ogre
 10183 | D:11     | Noticed a brown ugly thing
 10204 | D:11     | Noticed an obsidian statue
 10378 | D:11     | Reached skill level 12 in Maces & Flails
 10637 | D:11     | Reached XP level 12. HP: 68/72 MP: 1/12
 10693 | D:11     | Found a transporter.
 10985 | D:11     | You fall into a shaft and drop 3 floors!
 11585 | D:14     | Reached skill level 5 in Stealth
 11677 | D:14     | Reached skill level 13 in Maces & Flails
 12156 | D:15     | Entered Level 15 of the Dungeon
 12170 | D:15     | Noticed a two-headed ogre
 12170 | D:15     | Noticed a two-headed ogre
 12183 | D:15     | Killed a two-headed ogre
 12183 | D:15     | Reached skill level 1 in Invocations
 12184 | D:15     | Noticed a centaur warrior
 12184 | D:15     | Noticed a two-headed ogre
 12199 | D:15     | Killed a two-headed ogre
 12201 | D:15     | Killed a centaur warrior
 12201 | D:15     | Reached XP level 13. HP: 62/78 MP: 14/14
 12318 | D:15     | Found a portal to a secret trove of treasure.
 12344 | D:15     | Noticed a five-headed hydra
 12346 | D:15     | Noticed an ogre mage
 12349 | D:15     | Killed a five-headed hydra
 12353 | D:15     | Paralysed by an ogre mage for 5 turns
 12353 | D:15     | Killed an ogre mage
 12722 | D:15     | Reached skill level 14 in Maces & Flails
 12731 | D:15     | Found a staircase to the Depths.
 12957 | D:15     | Found a glowing golden altar of the Shining One.
 13100 | D:15     | Noticed a rakshasa
 13149 | D:15     | Killed a rakshasa
 13383 | D:13     | Found a gate leading to a gauntlet.
 13428 | Gauntlet | Entered a Gauntlet
 13428 | Gauntlet | Found a transporter.
 13428 | Gauntlet | Found a transporter.
 13439 | Gauntlet | Found a runed translucent door.
 13443 | Gauntlet | Found a transporter.
 13445 | Gauntlet | Found a transporter.
 13453 | Gauntlet | Found a transporter.
 13457 | Gauntlet | Found a transporter.
 13461 | Gauntlet | Found a runed translucent door.
 13463 | Gauntlet | Found a runed translucent door.
 13465 | Gauntlet | Found a transporter.
 13481 | Gauntlet | Found a transporter.
 13495 | Gauntlet | Found a transporter.
 13499 | Gauntlet | Found a transporter.
 13507 | Gauntlet | Found a transporter.
 13511 | Gauntlet | Found a transporter.
 13615 | Gauntlet | Got a polished cloak
 13922 | Gauntlet | Identified the +0 cloak "Dinn" {rPois} (You found it in a
                  | Gauntlet)
 14005 | Gauntlet | Got a pitted jade ring
 14110 | Gauntlet | Identified the ring "Omnawnul" {*Tele rC+ rN++ MR+ Stlth-}
                  | (You found it in a Gauntlet)
 14150 | Gauntlet | Reached skill level 5 in Invocations
 14410 | Gauntlet | Got a pair of warped gloves
 14411 | Gauntlet | Identified the +1 pair of gloves of Forking Paths {rF-
                  | Str+3 Dex+8} (You found it in a Gauntlet)
 14453 | Gauntlet | Identified the +11 glaive of Due Proportion {chop, rElec
                  | rF+}
 14453 | Gauntlet | Identified the ring "Hiexzo" {*Contam rElec rPois rF+++
                  | SInv}
 14453 | Gauntlet | Noticed a minotaur
 14459 | Gauntlet | Hit by a javelin thrown by a minotaur

Levels and vault maps discovered:
D:1:      lightli_arrival_maybe_door_vault, layout_loops_cross,
          roderic_roman_lattice
D:2:      minmay_chambers_of_twos, layout_basic, uniq_sigmund
D:3:      layout_loops_cross
D:4:      layout_basic, minmay_hollow_rounded_squares, uniq_pikel
D:5:      layout_loops_cross, kennysheep_mini_moat, first_ration, serial_shops,
          kennysheep_little_box
D:6:      layout_loops_ring, serial_shops, shop, dk_yredelemnul_ordeal,
          uniq_eustachio, uniq_menkaure, uniq_duvessa
D:7:      layout_cave_pods, minmay_temple_entry_sparse_star
D:8:      layout_basic, lair_entry_dummy, enter_ossuary_4, hangedman_ranch
          [blue_anna_fruit_fields], minmay_guarded_unrand_finisher
D:9:      layout_cave_pools, lemuel_oklob_altar
D:10:     layout_rooms, special_room [special_room_bee]
D:11:     gammafunk_cloud_chamber, layout_small_grid, minmay_protected_statue,
          uniq_grum
D:13:     layout_stronghold, david_vaults_5, gauntlet_entry_generic,
          serial_shops, shop, basic_altar, chequers_serial_rivers_room_b
D:14:     layout_irregular_city, minivault_26
D:15:     grunt_enter_depths_magical_seal, layout_loops_ring, tso_altar,
          enter_trove_0, hex_medium
Gauntlet: minmay_gauntlet_77_indecision [minmay_gauntlet_arena_77_mirror,
          minmay_gauntlet_arena_77_path,
          minmay_gauntlet_arena_77_chump_sandwich,
          minmay_gauntlet_arena_77_squiggly,
          minmay_gauntlet_arena_77_double_cross,
          minmay_gauntlet_arena_77_cramped,
          nicolae_gauntlet_exit_dead_adventurers]

Skill      XL: |  1  2  3  4  5  6  7  8  9 10 11 12 13 |
---------------+----------------------------------------+-----
Maces & Flails | 2 4 6 7 9 10 12 13 14 | 14.1
Armour         | 3 4 5 6 |  6.8
Dodging        | 1 3 4 5 6 |  6.8
Shields        | 3 4 5 6 7 |  7.7
Fighting       | 4 5 6 7 8 9 |  9.1
Stealth        | 3 4 5 6 |  6.9
Evocations     | 1 2 |  2.6
Invocations    | 2 5 |  5.0

Action                   |  1- 3 |  4- 6 |  7- 9 | 10-12 | 13-15 || total
-------------------------+-------+-------+-------+-------+-------++-------
Melee: Flail             |   118 |   178 |   311 |   799 |   289 ||  1695
       Whip              |       |       |    22 |       |       ||    22
       Mace              |       |       |    21 |       |       ||    21
Invok: Stomp             |       |       |     4 |    26 |     5 ||    35
       Line Pass         |       |       |     3 |    10 |    10 ||    23
Evoke: Wand              |       |       |     1 |    17 |    13 ||    31
  Use: Scroll            |     4 |     9 |     5 |     7 |     9 ||    34
       Potion            |       |     2 |     4 |     7 |    10 ||    23
 Stab: Sleeping          |       |       |     4 |     4 |       ||     8
       Paralysed         |       |       |     6 |    26 |    10 ||    42
       Confused          |       |       |       |     3 |       ||     3
       Distracted        |       |       |       |     1 |       ||     1
  Eat: Chunk             |    10 |     6 |    10 |    31 |     4 ||    61
Armor: Scale mail        |    62 |    36 |       |       |       ||    98
       Ring mail         |       |    42 |   156 |    16 |       ||   214
       Chain mail        |       |       |       |   350 |   168 ||   518
Dodge: Dodged            |    53 |    38 |   191 |   317 |   166 ||   765
Block: Shield            |    63 |    82 |   192 |   389 |   196 ||   922
